[Event "NOR-ch Clubs 2017"]
[Site "Kristiansund"]
[Date "2017.10.22"]
[Round "5"]
[White "Darnell, Anton"]
[Black "Joa, Sander"]
[Result "1-0"]
[ECO "A45"]
[WhiteElo "2078"]
[BlackElo "1433"]
[Annotator "NA"]
[PlyCount "67"]
[EventDate "2017.??.??"]
[EventType "team-tourn"]
[EventCountry "NOR"]
[SourceTitle "playchess.com"]
[Source "ChessBase"]
[SourceQuality "1"]
[TimeControl "40/5400:1800"]

1. d4 Nf6 2. Nc3 e6 3. Bf4 {[%emt 0:02:00] A45: Trompowsky Attack} c5 4. e3 a6 5. Nf3 Nc6 6. a3 d5 7. Bd3 {[%emt 0:02:02] LiveBook: 9 Games} (7. h3 Be7 8. Bd3 c4 9. Be2 b5 10. O-O O-O 11. Re1 Bb7 {0-1 (42) Jobava,B (2702)-Riazantsev,A (2671) Doha 2016}) 7... b5 8. dxc5 Bxc5 9. O-O $146 ({Predecessor:} 9. b4 Bd6 10. Bxd6 Qxd6 11. Nd4 O-O 12. Nb3 {½-½ (24) Giaracuni,C (1759)-Luppi,D (1718) Como 2007}) 9... Nh5 10. Bg5 f6 11. Bh4 (11. Nd4 $14 Bxd4 12. exd4 (12. Qxh5+ g6 $15)) 11... e5 $2 (11... g6 $11 {and Black stays safe.}) 12. Nxe5 Nxe5 13. Qxh5+ g6 14. Qxe5+ fxe5 15. Bxd8 d4 16. Ne4 Ba7 17. Bf6 Rf8 18. Bg7 dxe3 19. Nd6+ Ke7 20. Bxf8+ Kxf8 21. fxe3+ Kg8 22. Nxc8 Bxe3+ 23. Kh1 Rxc8 24. Rae1 Bh6 25. c3 Rd8 $18 26. Rd1 Re8 27. Be4 Re7 28. Rd8+ Kg7 29. Bd5 Bf4 30. g3 Be3 31. h4 e4 32. g4 g5 33. Rg8+ Kh6 34. Rf6# 1-0

[Event "NOR-ch Clubs 2017"]
[Site "Kristiansund"]
[Date "2017.10.22"]
[Round "5"]
[White "Sjoberg, Isak"]
[Black "Dahl, Torbjorn"]
[Result "0-1"]
[ECO "B03"]
[WhiteElo "2067"]
[BlackElo "1974"]
[Annotator "NA"]
[PlyCount "96"]
[EventDate "2017.??.??"]
[EventType "team-tourn"]
[EventCountry "NOR"]
[SourceTitle "playchess.com"]
[Source "ChessBase"]
[SourceQuality "1"]
[TimeControl "40/5400:1800"]

1. e4 Nf6 2. e5 Nd5 3. d4 Nb6 4. a4 d6 5. a5 N6d7 6. e6 fxe6 7. h4 Nf6 8. g4 d5 9. Bd3 Nc6 10. g5 Ne4 11. c3 Qd6 12. Qh5+ g6 $15 13. Qe2 e5 14. h5 Bf5 15. Nf3 O-O-O 16. Na3 Bg4 17. Nb5 Qe6 18. Bxe4 dxe4 19. Qxe4 Bxf3 20. Qxf3 exd4+ 21. Qe2 Qxe2+ 22. Kxe2 dxc3 23. hxg6 Bg7 24. bxc3 hxg6 25. Bf4 e5 26. Be3 a6 27. Na7+ Nxa7 28. Bxa7 e4 29. Rxh8 Bxh8 30. Ke3 Bxc3 31. Ra3 Bg7 32. Kxe4 Re8+ 33. Kf3 Re5 34. Be3 Rf5+ 35. Ke4 Bf8 36. Ra1 Rb5 37. f4 Bb4 38. Rh1 Bxa5 39. Rh6 Rb4+ 40. Kf3 Rb3 41. Rxg6 Bd2 42. Re6 Kd7 43. f5 a5 44. g6 Bxe3 45. Rxe3 Rxe3+ 46. Kxe3 Ke7 47. g7 Kf7 48. f6 a4 0-1

[Event "NOR-ch Clubs 2017"]
[Site "Kristiansund"]
[Date "2017.10.22"]
[Round "5"]
[White "Wetle Hoem, Tor"]
[Black "Al-Tarbosh, Ward"]
[Result "0-1"]
[ECO "D10"]
[WhiteElo "1965"]
[BlackElo "2270"]
[Annotator "NA"]
[PlyCount "76"]
[EventDate "2017.??.??"]
[EventType "team-tourn"]
[EventCountry "NOR"]
[SourceTitle "playchess.com"]
[Source "ChessBase"]
[SourceQuality "1"]
[TimeControl "40/5400:1800"]

1. d4 d5 2. c4 c6 3. Nc3 Nf6 4. cxd5 cxd5 5. Bf4 Bf5 6. e3 Nc6 7. Bd3 Bxd3 8. Qxd3 {[%emt 0:03:05] LiveBook: 98 Partien} e6 9. Nge2 {[%emt 0:02:24] D10: Slav Defence: 3 cxd5 (without early Nf3) and 3 Nc3} (9. Nf3 Be7 10. h3 O-O 11. O-O Rc8 12. Rac1 a6 13. Ne5 Nxe5 14. Bxe5 Nd7 15. Bg3 Nb6 16. Rc2 Qd7 17. Rfc1 Nc4 18. Nd1 Rc6 19. b3 Na5 20. Qd2 Rfc8 21. Nb2 {½-½ (97) Timofeev,A (2593)-Hovhannisyan,R (2636) Moscow 2016}) 9... Bd6 10. Bg3 O-O $146 ({Predecessor:} 10... Bxg3 11. hxg3 Qb6 12. O-O Nb4 13. Qd1 Ng4 14. a3 Nc6 15. Na4 Qd8 16. Nf4 Nf6 {½-½ (65) Eilenberg,J (1754)-Chassard,C (1290) Willingen 2017}) 11. O-O Qd7 12. f3 e5 13. Bh4 exd4 14. Nxd4 Be5 15. Nce2 Rfe8 16. a3 Qc7 17. Bg3 Nh5 18. f4 Bxd4 19. Nxd4 Nxg3 20. hxg3 Qb6 21. Rfe1 Re4 22. Qb5 Nxd4 23. Qxb6 axb6 24. exd4 Rxd4 25. Re7 Rc8 26. Rae1 h5 27. Rxb7 Rd2 28. Rxb6 Rcc2 29. Rb3 $15 (29. Kh1 $17) 29... Rxg2+ 30. Kh1 h4 31. gxh4 Rg4 32. Rd1 Rxh4+ 33. Kg1 Rg4+ 34. Kh1 Rxf4 35. Rb5 d4 36. b4 Rg4 37. Rd5 Rc3 38. Kh2 Rxa3 0-1

[Event "NOR-ch Clubs 2017"]
[Site "Kristiansund"]
[Date "2017.10.22"]
[Round "5"]
[White "Sorensen, Simen"]
[Black "Standal, Egil Arne"]
[Result "1/2-1/2"]
[ECO "B18"]
[WhiteElo "1787"]
[BlackElo "1824"]
[Annotator "NA"]
[PlyCount "35"]
[EventDate "2017.??.??"]
[EventType "team-tourn"]
[EventCountry "NOR"]
[SourceTitle "playchess.com"]
[Source "ChessBase"]
[SourceQuality "1"]
[TimeControl "40/5400:1800"]

1. e4 c6 2. d4 d5 3. Nc3 dxe4 4. Nxe4 Bf5 5. Ng3 Bg6 {[%emt 0:00:04] LiveBook: 11749 Games} 6. Nf3 Nd7 7. Bd3 Bxd3 8. Qxd3 Ngf6 9. Bd2 e6 10. O-O Bd6 11. a4 O-O 12. Rfe1 Qc7 $11 13. Bc3 Rad8 14. Qe2 Nd5 15. Ne4 Nxc3 16. Nxc3 Nf6 17. Ne4 Nxe4 18. Qxe4 1/2-1/2

[Event "NOR-ch Clubs 2017"]
[Site "Kristiansund"]
[Date "2017.10.22"]
[Round "5"]
[White "Isachsen, Harald"]
[Black "Svensen, Tarjei"]
[Result "0-1"]
[ECO "C00"]
[WhiteElo "1701"]
[BlackElo "2057"]
[Annotator "NA"]
[PlyCount "71"]
[EventDate "2017.??.??"]
[EventType "team-tourn"]
[EventCountry "NOR"]
[SourceTitle "playchess.com"]
[Source "ChessBase"]
[SourceQuality "1"]
[TimeControl "40/5400:1800"]

1. e4 e6 2. Nf3 d5 3. exd5 exd5 4. d4 Bg4 5. Be2 Bd6 {[%emt 0:00:48] LiveBook: 26 Games} 6. Bg5 {[%emt 0:17:56] C01: French: Exchange Variation} (6. h3 Bh5 7. O-O Ne7 8. Nbd2 O-O 9. c3 Nbc6 10. Ne5 Bxe2 11. Qxe2 Re8 12. Nxc6 Nxc6 13. Qd3 a6 {1-0 (48) Jakovenko,D (2662)-Kiriakov,P (2555) playchess.com INT 2006}) 6... Ne7 7. Bh4 Nbc6 8. Bg3 O-O $146 ({Predecessor:} 8... Nf5 9. Bxd6 Qxd6 10. c3 O-O-O 11. O-O Rde8 12. h3 h5 13. Re1 {½-½ (38) Fargere,F (2367)-Iotov,V (2531) Mulhouse 2008}) 9. c3 Re8 10. O-O Ng6 11. Nbd2 Bf4 12. Re1 Qf6 13. Qc2 Re7 14. Bd3 Rae8 15. Rxe7 Rxe7 16. Re1 Rxe1+ 17. Nxe1 Nce7 18. Nef3 c6 19. Qb1 h5 20. Qe1 h4 21. Bxf4 Nxf4 22. Ne5 $11 Qg5 23. Qe3 Nf5 24. Bxf5 Qxf5 25. Nxg4 Qxg4 26. Qf3 Qg5 27. Nf1 g6 28. Ne3 Kg7 29. Qg4 Qxg4 30. Nxg4 Nd3 31. b3 Nc1 32. Ne3 Ne2+ 33. Kf1 Nxc3 34. Nc2 Nxa2 35. Ke2 Nc3+ 36. Kd3 0-1

[Event "NOR-ch Clubs 2017"]
[Site "Kristiansund"]
[Date "2017.10.22"]
[Round "5"]
[White "Hestholm, Gustav"]
[Black "Simensen, Vegard"]
[Result "0-1"]
[ECO "B22"]
[WhiteElo "1487"]
[BlackElo "1969"]
[Annotator "NA"]
[PlyCount "104"]
[EventDate "2017.??.??"]
[EventType "team-tourn"]
[EventCountry "NOR"]
[SourceTitle "playchess.com"]
[Source "ChessBase"]
[SourceQuality "1"]
[TimeControl "40/5400:1800"]

1. e4 c5 2. c3 d5 3. exd5 Nf6 4. Bb5+ Nbd7 5. Nf3 Nxd5 6. d4 e6 7. O-O Bd6 8. Bg5 Qb6 (8... f6 $11 9. c4 Nc7 10. dxc5 Bxc5) 9. Bxd7+ (9. c4 $16) 9... Bxd7 10. Qc2 (10. Nbd2 $14) 10... cxd4 11. Nxd4 O-O 12. Nd2 Rac8 $17 13. N2b3 Bb8 14. Bh4 e5 15. Nf3 f6 16. Rad1 Bc6 17. Qf5 Rce8 18. Bg3 Kh8 19. h4 Ne7 20. Qh3 Be4 21. Rd2 Bf5 22. Qh2 Bg4 23. h5 Nf5 24. Kh1 Qa6 25. Ra1 Nxg3+ 26. fxg3 Rd8 27. h6 g6 28. Qh4 Bxf3 29. gxf3 Rxd2 30. Nxd2 Qe2 31. Qb4 Rf7 32. Qc4 Qxc4 33. Nxc4 Rd7 34. Ne3 Kg8 35. Rd1 Rxd1+ 36. Nxd1 Kf7 37. Ne3 Ke6 38. Kg2 b6 39. Kf2 Bc7 40. Ke2 Bd8 41. Kf2 Be7 42. g4 f5 43. gxf5+ gxf5 44. Ng2 Bg5 45. Kg3 Bxh6 46. Nh4 Bd2 47. Kf2 Bg5 48. Ng2 Kd5 49. b3 h5 50. Ke2 h4 51. Kf2 h3 52. Ne1 Bh4+ 0-1

[Event "NOR-ch Clubs 2017"]
[Site "Kristiansund"]
[Date "2017.10.22"]
[Round "5"]
[White "Refsnes, Stale"]
[Black "Seglem, Ole Andre"]
[Result "1-0"]
[ECO "C02"]
[WhiteElo "1444"]
[BlackElo "1494"]
[Annotator "NA"]
[PlyCount "107"]
[EventDate "2017.??.??"]
[EventType "team-tourn"]
[EventCountry "NOR"]
[SourceTitle "playchess.com"]
[Source "ChessBase"]
[SourceQuality "1"]
[TimeControl "40/5400:1800"]

1. e4 d5 2. e5 e6 3. d4 c5 4. c3 Ne7 5. Bg5 h6 6. Bd2 Nbc6 7. Nf3 Qb6 8. Qb3 Qxb3 9. axb3 cxd4 10. cxd4 Nf5 11. Bc3 Bb4 12. Nbd2 O-O 13. Bd3 Nfe7 14. O-O Bd7 15. Ra2 Nc8 16. Rfa1 a6 17. Ra4 Bxc3 18. bxc3 Nxe5 19. Nxe5 Bxa4 20. Rxa4 Ne7 21. c4 Rfd8 22. c5 Rac8 23. Kf1 Nc6 24. f4 f6 25. Nxc6 Rxc6 26. Rb4 Rd7 27. Nf3 Kf7 28. h4 h5 29. Ra4 Rd8 30. Ke2 Ke7 31. Ke3 Rb8 32. Nd2 Rg8 33. Bg6 Rh8 34. Rb4 Rc7 35. Nf3 Rh6 36. Bd3 Rh8 37. Rb6 a5 38. f5 e5 39. Re6+ Kd7 40. dxe5 Rxc5 41. exf6 gxf6 42. Rb6 Kc7 43. Rxf6 Rc3 44. Nd4 Re8+ 45. Kd2 Rc5 46. Ne6+ Kd6 47. Nxc5+ Kxc5 48. Rf7 Rg8 49. Bf1 Rg4 50. Rxb7 Rf4 51. Be2 Rxf5 52. Rb5+ Kd4 53. Bf3 a4 54. Rb4+ 1-0

[Event "NOR-ch Clubs 2017"]
[Site "Kristiansund"]
[Date "2017.10.22"]
[Round "5"]
[White "Welle, Sindre"]
[Black "Flatebo, Hallvard Haug"]
[Result "0-1"]
[ECO "A80"]
[WhiteElo "1441"]
[BlackElo "1531"]
[Annotator "NA"]
[PlyCount "77"]
[EventDate "2017.??.??"]
[EventType "team-tourn"]
[EventCountry "NOR"]
[SourceTitle "playchess.com"]
[Source "ChessBase"]
[SourceQuality "1"]
[TimeControl "40/5400:1800"]

1. d4 f5 2. Nf3 Nf6 3. e3 g6 4. Bc4 e6 5. O-O Bg7 6. Nc3 O-O 7. d5 Qe7 8. dxe6 dxe6 9. Qe2 Kh8 10. e4 Nc6 11. Re1 fxe4 12. Nxe4 Nxe4 13. Qxe4 e5 14. Bg5 Qe8 15. Qe3 Bf5 16. c3 a6 17. Rad1 Be6 18. Bxe6 Qxe6 19. Bh6 Rae8 20. Bxg7+ Kxg7 21. h4 h6 22. h5 g5 23. g3 Qg4 24. Kg2 Qxh5 25. Rd7+ Rf7 26. Red1 Ree7 27. R7d2 Qg6 28. g4 Rf4 29. Nh2 Qe6 30. f3 e4 31. fxe4 Rxe4 32. Qg3 Re3 33. Nf3 Ne5 34. Rf1 Qxg4 35. Qxg4 Nxg4 36. Nd4 Kg6 37. Kg1 Rg3+ 38. Rg2 Rxg2+ 39. Kxg2 {Kf6} 0-1

[Event "NOR-ch Clubs 2017"]
[Site "Kristiansund"]
[Date "2017.10.22"]
[Round "5"]
[White "Jacobsen, Fredrik Lytomt"]
[Black "Lobersli, Henrik Oie"]
[Result "0-1"]
[ECO "A45"]
[WhiteElo "1413"]
[BlackElo "2047"]
[Annotator "NA"]
[PlyCount "108"]
[EventDate "2017.??.??"]
[EventType "team-tourn"]
[EventCountry "NOR"]
[SourceTitle "playchess.com"]
[Source "ChessBase"]
[SourceQuality "1"]
[TimeControl "40/5400:1800"]

1. d4 Nf6 2. Nc3 d5 3. Bf4 c5 4. e3 cxd4 5. exd4 a6 {[%emt 0:00:40] B13: Caro-Kann: Exchange Variation and Panov-Botvinnik Attack} 6. Bd3 {[%emt 0:01:42] LiveBook: 22 Games} (6. Nf3 Nc6 7. Ne5 Bf5 8. g4 Nxe5 9. gxf5 Nc6 10. Qd3 g6 11. O-O-O Bg7 12. h4 Nb4 13. Qe2 gxf5 {1-0 (38) Aronian,L (2799)-Le,Q (2739) Saint Louis 2017}) 6... Nc6 7. Nge2 Bg4 8. Qd2 e6 9. O-O $146 ({Predecessor:} 9. a3 Bd6 10. f3 Bh5 11. Bxd6 Qxd6 12. Na4 Nd7 13. b4 {0-1 (45) Jozefek,M (2198)-Bagi,M (2456) Slovakia 2017}) 9... Bh5 10. a3 Bd6 11. Rfe1 O-O 12. h3 b5 13. Qe3 Bg6 14. Bxg6 hxg6 15. Bxd6 Qxd6 16. Nf4 Na5 17. b3 Rfc8 18. Rec1 Rc7 19. Nce2 Rac8 20. Ra2 Ne4 21. b4 Nc3 22. Raa1 Nxe2+ 23. Nxe2 Nc4 24. Qd3 Nb6 25. c3 Na4 26. Ra2 Qe7 27. Rac2 Qf6 28. Qe3 Nb6 29. Nf4 Qf5 $15 30. Ne2 Nc4 31. Qg3 Rc6 32. Ra2 Qe4 33. Qf4 Qxf4 34. Nxf4 Nb6 35. Ne2 Na4 36. Rac2 g5 37. Kh2 f6 38. f4 gxf4 39. Nxf4 Kf7 40. Ne2 e5 41. dxe5 fxe5 42. Kg3 d4 43. Kf3 d3 44. Rd2 dxe2 45. Kxe2 Ke6 46. Re1 Nxc3+ 47. Kf1 Rd6 48. Rc2 Rc4 49. Rec1 Rd3 50. Ke1 e4 51. g4 Rxh3 52. g5 e3 53. Rxc3 Rh1+ 54. Ke2 Rxc1 0-1

[Event "NOR-ch Clubs 2017"]
[Site "Kristiansund"]
[Date "2017.10.22"]
[Round "6"]
[White "Risting, Eivind Olav"]
[Black "Darnell, Anton"]
[Result "1/2-1/2"]
[ECO "A05"]
[WhiteElo "2335"]
[BlackElo "2078"]
[Annotator "ChessBase"]
[PlyCount "101"]
[EventDate "2017.??.??"]
[EventType "team-tourn"]
[EventCountry "NOR"]
[SourceTitle "playchess.com"]
[Source "ChessBase"]
[SourceQuality "1"]
[TimeControl "40/5400:1800"]

1. Nf3 Nf6 2. g3 d5 3. Bg2 e6 4. c4 Be7 5. d4 O-O 6. Qc2 c5 7. O-O Nc6 8. dxc5 Qa5 9. cxd5 exd5 10. Bg5 Nb4 11. Qc1 h6 12. Be3 Ne4 13. Nbd2 Bxc5 14. Bxc5 Qxc5 15. Nxe4 Qxc1 16. Nf6+ gxf6 17. Rfxc1 Be6 18. Nd4 Rac8 19. a3 Nc6 20. Nxc6 Rxc6 21. Rxc6 bxc6 22. Rc1 Rb8 23. b4 a5 24. bxa5 Rb5 25. h4 Rxa5 26. Rxc6 Rxa3 27. Rc2 Ra1+ 28. Kh2 Rd1 29. Bf3 Kg7 30. Kg2 Bf5 31. Rc3 Be4 32. g4 d4 33. Rc4 Bxf3+ 34. Kxf3 d3 35. e3 d2 36. Rd4 Rh1 37. Rxd2 Rxh4 38. Rd1 h5 39. gxh5 Rxh5 40. Rg1+ Kf8 41. Kf4 Ra5 42. e4 Ra2 43. f3 Ra5 44. Rd1 Ke7 45. Rd5 Ra3 46. Rb5 Ke6 47. Rb7 Ra5 48. Kg4 Rg5+ 49. Kf4 Ra5 50. Kg4 Rg5+ 51. Kf4 1/2-1/2

[Event "NOR-ch Clubs 2017"]
[Site "Kristiansund"]
[Date "2017.10.22"]
[Round "6"]
[White "Moen, Andreas"]
[Black "Tofte, Sondre Waage"]
[Result "0-1"]
[ECO "C99"]
[WhiteElo "2331"]
[BlackElo "2169"]
[Annotator "NA"]
[PlyCount "72"]
[EventDate "2017.??.??"]
[EventType "team-tourn"]
[EventCountry "NOR"]
[SourceTitle "playchess.com"]
[Source "ChessBase"]
[SourceQuality "1"]
[TimeControl "40/5400:1800"]

1. e4 e5 2. Nf3 Nc6 3. Bb5 a6 4. Ba4 Nf6 5. O-O Be7 6. Re1 b5 7. Bb3 d6 8. c3 O-O 9. h3 Na5 10. Bc2 c5 11. d4 Qc7 12. Nbd2 cxd4 13. cxd4 Nc6 14. Nf1 Nxd4 15. Nxd4 exd4 16. Bg5 h6 17. Bh4 Bb7 18. Rc1 Qb6 19. Ng3 g6 20. Ne2 d3 21. Bxd3 Nxe4 22. Bxe4 Bxh4 23. Nd4 d5 24. Bb1 Bf6 25. Nf3 Bxb2 26. Rc2 Bf6 27. Ne5 Rad8 28. Rce2 d4 29. Nxg6 fxg6 30. Qd3 Rd7 31. Re6 Qc7 32. Qxg6+ Rg7 33. Qxh6 Rxg2+ 34. Kf1 Rxf2+ 35. Kxf2 Qh2+ 36. Kf1 Qg2# 0-1

[Event "NOR-ch Clubs 2017"]
[Site "Kristiansund"]
[Date "2017.10.22"]
[Round "6"]
[White "Royset, Pal"]
[Black "Wetle Hoem, Tor"]
[Result "1-0"]
[ECO "A48"]
[WhiteElo "2234"]
[BlackElo "1965"]
[Annotator "NA"]
[PlyCount "57"]
[EventDate "2017.??.??"]
[EventType "team-tourn"]
[EventCountry "NOR"]
[SourceTitle "playchess.com"]
[Source "ChessBase"]
[SourceQuality "1"]
[TimeControl "40/5400:1800"]

1. d4 Nf6 2. Nf3 g6 3. c4 Bg7 4. Nc3 d5 5. cxd5 Nxd5 6. Na4 Bg4 7. e4 Bxf3 8. gxf3 Nb4 9. d5 c6 10. Qb3 b5 11. Qxb4 bxa4 12. Qxa4 O-O 13. Bc4 Qd7 14. Be3 Bxb2 15. Rb1 Bc3+ 16. Ke2 cxd5 17. Qxd7 Nxd7 18. Bxd5 Rac8 19. Bxa7 e6 20. Bb7 Rc7 21. Rhc1 Be5 22. h3 Kg7 23. a4 f5 24. a5 fxe4 25. fxe4 Rf4 26. a6 Rxe4+ 27. Bxe4 Rxa7 28. Rb7 Rxb7 29. Bxb7 1-0

[Event "NOR-ch Clubs 2017"]
[Site "Kristiansund"]
[Date "2017.10.22"]
[Round "6"]
[White "Berg-Jensen, Joachim"]
[Black "Al-Tarbosh, Ward"]
[Result "1/2-1/2"]
[ECO "D02"]
[WhiteElo "2175"]
[BlackElo "2270"]
[Annotator "NA"]
[PlyCount "130"]
[EventDate "2017.??.??"]
[EventType "team-tourn"]
[EventCountry "NOR"]
[SourceTitle "playchess.com"]
[Source "ChessBase"]
[SourceQuality "1"]
[TimeControl "40/5400:1800"]

1. d4 d5 2. Nf3 Nf6 3. g3 Bf5 4. Bg2 h6 5. O-O Nbd7 6. b3 e6 7. c4 c6 8. Bb2 Be7 9. Nc3 O-O 10. Ne5 Bh7 {[%emt 0:38:16] D11: Damengambit (Slawische Verteidigung)} (10... a5 11. Re1 Bh7 12. e3 Nxe5 13. dxe5 Nd7 14. cxd5 cxd5 15. e4 Nxe5 16. Nxd5 exd5 17. Bxe5 Bb4 18. Re3 dxe4 19. Bxe4 Bxe4 20. Rxe4 Qxd1+ 21. Rxd1 {½-½ (38) Antal,G (2524)-Sipos,I (2491) Hungary 2014}) 11. Nxd7 Qxd7 12. c5 $146 ({Vorgänger:} 12. e3 Rfe8 13. Qe2 Bb4 14. a3 Bf8 15. e4 Qc7 16. e5 Nd7 17. cxd5 cxd5 18. Rac1 {1-0 (38) Rasmussen,C (2314)-Schwarz,F (2258) Denmark 2015}) 12... Ne4 13. Nxe4 Bxe4 14. Bxe4 dxe4 15. e3 Rad8 16. b4 Qd5 17. Qe2 f5 18. a4 g5 19. Rfe1 g4 20. b5 h5 21. Bc3 h4 22. Ba5 Rd7 23. Qa2 hxg3 24. hxg3 e5 25. Bc3 exd4 26. Bxd4 Qxa2 27. Rxa2 Rc8 28. b6 Ra8 29. bxa7 Rxa7 30. a5 Rd5 31. Rc1 Kf7 32. Kf1 Bf6 33. Ra4 Bxd4 34. exd4 Rd8 35. Ke2 Rh8 36. Rb1 Ke6 37. Rb6 Kd5 38. Ke3 Rha8 39. Rab4 Rxa5 40. Rxb7 Ra3+ 41. Kf4 Rf3+ 42. Kg5 Ke6 43. Rg7 $11 Rd8 44. Rg6+ Kd5 45. Kf6 e3 46. fxe3 Rxe3 47. Kxf5 Rxg3 48. Kf4 Rd3 49. Rg5+ Ke6 50. Ke4 Rd1 51. Rg6+ Kd7 52. Rg7+ Ke6 53. Rxg4 Re1+ 54. Kd3 Rd1+ 55. Kc2 Rh1 56. Re4+ Kf5 57. Re5+ Kf6 58. Re3 Rh4 59. Kc3 Rh1 60. Rb6 Rc1+ 61. Kd2 Rxc5 62. Rd3 Rc4 63. d5 Rd6 64. Rxc6 Rcxc6 65. dxc6 Rxc6 1/2-1/2

[Event "NOR-ch Clubs 2017"]
[Site "Kristiansund"]
[Date "2017.10.22"]
[Round "6"]
[White "Moen, Ole Christian"]
[Black "Laverton, Christian"]
[Result "1-0"]
[ECO "B47"]
[WhiteElo "2174"]
[BlackElo "2113"]
[Annotator "NA"]
[PlyCount "127"]
[EventDate "2017.??.??"]
[EventType "team-tourn"]
[EventCountry "NOR"]
[SourceTitle "playchess.com"]
[Source "ChessBase"]
[SourceQuality "1"]
[TimeControl "40/5400:1800"]

1. e4 c5 2. Nc3 e6 3. Nf3 Nc6 4. d4 cxd4 5. Nxd4 Qc7 6. Ndb5 Qb8 7. a4 a6 8. Na3 Nf6 9. g3 Bc5 10. Nc4 O-O 11. Be3 Bxe3 12. Nxe3 d5 13. exd5 exd5 14. Ncxd5 Nxd5 15. Qxd5 Be6 16. Qc5 Qd8 17. Bg2 Rc8 18. c3 Na5 19. Qb4 Nc4 20. O-O Nxe3 21. fxe3 b5 22. Rfd1 Qg5 23. Qf4 Qc5 24. a5 Bc4 25. Rd4 Rce8 26. Rad1 Re6 27. e4 Bb3 28. R1d3 Re5 29. Kh1 f6 30. Rd8 Rfe8 31. Qd2 Qc7 32. h4 R5e7 33. R8d7 Qe5 34. R7d6 Bc4 35. Re3 Re6 36. Rxe6 Qxe6 37. Qd4 Qe7 38. Qb6 f5 39. Kg1 f4 40. gxf4 Qxh4 41. Qc7 Rd8 42. Rh3 Rd1+ 43. Kh2 Qg4 44. Qb8+ Kf7 45. Qa7+ Rd7 46. Qf2 h6 47. Qf3 Qxf3 48. Rxf3 Rd2 49. b4 Bd3 50. Re3 Bf1 51. Rg3 Rc2 52. f5 Bxg2 53. Rxg2 Rxc3 54. Rg6 Rc4 55. e5 Rxb4 56. Rxa6 Ra4 57. Ra7+ Kf8 58. a6 b4 59. e6 b3 60. Rf7+ Kg8 61. Rb7 Rxa6 62. Rb8+ Kh7 63. e7 Ra2+ 64. Kh3 1-0

[Event "NOR-ch Clubs 2017"]
[Site "Kristiansund"]
[Date "2017.10.22"]
[Round "6"]
[White "Kolas, Tore"]
[Black "Mihajlov, Sebastian"]
[Result "0-1"]
[ECO "C96"]
[WhiteElo "2168"]
[BlackElo "2393"]
[Annotator "NA"]
[PlyCount "78"]
[EventDate "2017.??.??"]
[EventType "team-tourn"]
[EventCountry "NOR"]
[SourceTitle "playchess.com"]
[Source "ChessBase"]
[SourceQuality "1"]
[TimeControl "40/5400:1800"]

1. e4 e5 2. Nf3 Nc6 3. Bb5 a6 4. Ba4 Nf6 5. O-O Be7 6. Re1 b5 7. Bb3 d6 8. c3 O-O 9. h3 Na5 10. Bc2 c5 11. d4 Nd7 12. Nbd2 Re8 13. d5 Bf6 14. b3 Nb6 15. Nf1 c4 16. b4 Nb7 17. Be3 a5 18. a3 g6 19. Kh2 Ra6 20. g4 Bd7 21. Ng3 Qe7 22. Qe2 Rea8 23. Qf1 axb4 24. axb4 Na4 25. Ra3 Nb6 26. Rxa6 Rxa6 27. Ra1 Rxa1 28. Qxa1 Nc8 29. Kg2 Nd8 30. Qc1 Bg7 31. Bh6 f6 32. Bxg7 Kxg7 33. Qe3 Nf7 34. Nh2 Qd8 35. Nf3 Ne7 36. Qa7 Ng8 37. Qb7 Qe7 38. Nd2 h5 39. gxh5 Bxh3+ 0-1

[Event "NOR-ch Clubs 2017"]
[Site "Kristiansund"]
[Date "2017.10.22"]
[Round "6"]
[White "Lund, Terje"]
[Black "Unneland, Arne"]
[Result "1-0"]
[ECO "A40"]
[WhiteElo "2101"]
[BlackElo "1648"]
[Annotator "NA"]
[PlyCount "129"]
[EventDate "2017.??.??"]
[EventType "team-tourn"]
[EventCountry "NOR"]
[SourceTitle "playchess.com"]
[Source "ChessBase"]
[SourceQuality "1"]
[TimeControl "40/5400:1800"]

1. d4 e6 2. c4 c5 3. e3 Nf6 4. Nc3 d5 5. Nf3 Nc6 6. a3 a6 7. dxc5 Bxc5 8. b4 Ba7 9. Be2 O-O 10. O-O dxc4 11. Bxc4 b5 12. Bd3 Bb7 13. Bb2 Ne7 14. Qe2 Ned5 15. Nxd5 Bxd5 16. Rfd1 Qe7 17. e4 Bb7 18. Nd4 Rfd8 19. Nb3 Rac8 20. Rac1 Bb6 21. Bb1 Rxc1 22. Rxc1 h6 23. h3 Ne8 24. Nc5 Nd6 25. Nxb7 Qxb7 26. Qg4 Ne8 27. Rd1 Rxd1+ 28. Qxd1 Qc6 29. Qd3 Qd6 30. Qxd6 Nxd6 31. Bd3 f6 32. e5 Ne8 33. exf6 gxf6 34. a4 bxa4 35. Bxa6 Nc7 36. Bd3 Nd5 37. Bc2 Nxb4 38. Bxa4 e5 39. Bb5 Kg7 40. Kf1 Nd5 41. Ke2 Nc7 42. Bd7 Nd5 43. Kf3 Bc5 44. Bc1 Bb6 45. Bd2 Ne7 46. Be1 Ng6 47. g3 Ne7 48. Kg4 Ng6 49. Kh5 Ne7 50. Be6 Ng6 51. Bd2 Ne7 52. Bxh6+ Kh7 53. f3 Bf2 54. g4 Be1 55. h4 Bxh4 56. Bf8 f5 57. g5 Bxg5 58. Kxg5 Nc6 59. Bxf5+ Kg8 60. Bd6 Nd4 61. Be4 Kf7 62. Bd5+ Ke8 63. Bxe5 Ne2 64. Kf6 Nc1 65. Bc4 1-0

[Event "NOR-ch Clubs 2017"]
[Site "Kristiansund"]
[Date "2017.10.22"]
[Round "6"]
[White "Bentsen, Hakon"]
[Black "Vestby-Ellingsen, Mads"]
[Result "0-1"]
[ECO "C54"]
[WhiteElo "2071"]
[BlackElo "2178"]
[Annotator "NA"]
[PlyCount "194"]
[EventDate "2017.??.??"]
[EventType "team-tourn"]
[EventCountry "NOR"]
[SourceTitle "playchess.com"]
[Source "ChessBase"]
[SourceQuality "1"]
[TimeControl "40/5400:1800"]

1. e4 e5 2. Nf3 Nc6 3. Bc4 Bc5 4. c3 Nf6 5. d4 exd4 6. cxd4 Bb4+ 7. Bd2 Bxd2+ 8. Nbxd2 d5 9. exd5 Nxd5 10. Qb3 Nce7 11. O-O O-O 12. Ne4 {[%emt 0:01:08] C54: Giuoco Piano: 4 c3 Nf6, main lines with 5 d4 and 5 d3} (12. Rfe1 c6 13. Ne4 Nb6 14. Nc5 Nxc4 15. Qxc4 Nd5 16. Ne5 f6 17. Ned3 Qd6 18. Ne4 Qd8 19. Nec5 Qd6 20. Ne4 Qd8 {½-½ (20) Hovhannisyan,R (2612)-Melkumyan,H (2633) Riga 2015}) 12... Nb6 13. Rac1 Nxc4 $146 ({Predecessor:} 13... Ng6 14. Rfe1 Nxc4 15. Qxc4 c6 16. Re3 Be6 17. Qe2 Nf4 18. Qd2 Nd5 19. Ree1 Re8 {1-0 (40) Bukwa,K-Minczyk,A Sielpa 2004}) 14. Qxc4 c6 15. Nc5 Qd5 16. b3 Qh5 17. Ne4 Nd5 18. Rfe1 Nf4 19. Ng3 Qh6 20. Rc3 Be6 21. Qc5 Rfd8 22. Rce3 Rd5 23. Qe7 Rd7 24. Qc5 Qf6 25. Nf5 h6 26. Ng3 Rd5 27. Qc2 Rad8 28. Qe4 Ng6 29. h3 h5 30. Qc2 Nh4 31. Nxh4 Qxh4 32. Re5 Qxd4 33. Rxh5 Rxh5 34. Nxh5 Qd2 35. Qxd2 Rxd2 36. Nf4 Rxa2 37. Nxe6 fxe6 38. Rxe6 Ra1+ 39. Kh2 Ra3 40. Re3 a5 41. Kg3 a4 42. bxa4 Rxa4 43. Re7 b5 44. f4 c5 45. Rc7 Rc4 $11 46. Kg4 b4 47. Rb7 Rc3 48. Kf5 b3 49. Rb8+ Kf7 50. Rb7+ Ke8 51. g4 c4 52. Kg6 Rc2 53. Kxg7 b2 54. f5 c3 55. f6 Rf2 56. g5 c2 57. Rb8+ Kd7 58. Rb7+ Ke6 59. Rb6+ Ke5 60. Rb5+ Ke4 61. Rxb2 c1=Q 62. Rxf2 Qxg5+ 63. Kf7 Qe3 64. Rb2 Qxh3 65. Rb4+ Ke5 66. Rb5+ Kd6 67. Rb6+ Kc7 68. Re6 Kd7 69. Re7+ Kd6 70. Kg7 Qg4+ 71. Kf7 Qh5+ 72. Kg7 Qg5+ 73. Kf7 Qh5+ 74. Kg7 Qd5 75. Kf8 Qg5 76. Kf7 Qh6 77. Re6+ Kd5 78. Re7 Qh7+ 79. Kf8 Qh6+ 80. Kf7 Qh8 81. Kg6 Kd6 82. Kf7 Qh7+ 83. Kf8 Qg6 84. Rf7 Ke6 85. Re7+ Kd6 86. Rf7 Qh6+ 87. Kg8 Ke6 88. Re7+ Kd6 89. Rf7 Qg6+ 90. Kh8 Qh5+ 91. Kg8 Ke6 92. Rf8 Qg6+ 93. Kh8 Qh6+ 94. Kg8 Kf5 95. Rf7 Kg6 96. Re7 Qh4 97. Rf7 Qc4 0-1